 Dungeon Crawl Stone Soup version 0.28.0-53-g5a82cb258f (webtiles) character file.

Game seed: 38115828059935598

1 infcreate the Vexing (level 1, -2/10 HPs)
             Began as a Vampire Enchanter on July 27, 2022.
             Slain by a kobold
             ... wielding a +0 vampiric short sword
              (5 damage)
             ... on level 1 of the Dungeon.
             The game lasted 00:00:28 (61 turns).

infcreate the Vexing (Vampire Enchanter)              Turns: 61, Time: 00:00:29

Health: -2/10      AC:  2    Str:  7    XL:     1   Next: 16%
Magic:  3/3        EV: 12    Int: 17    God:
Gold:   28         SH:  5    Dex: 14    Spells: 4/4 levels left

rFire   . . .      SeeInvis +   a - +1 dagger
rCold   + + .      Faith    .   (no shield)
rNeg    + + +      Spirit   .   b - +0 robe
rPois   ∞          Reflect  +   (no helmet)
rElec   .          Harm     .   (no cloak)
rCorr   .          Rampage  .   (no gloves)
Will    .....                   (no boots)
Stlth   +++++.....              d - amulet of reflection
HPRegen 0.00/turn               (no ring)
MPRegen 0.08/turn               (no ring)

@: bloodless, inhibited regen
A: bloodless, fangs 3, see invisible, vampiric 1
a: Revivify


You were on level 1 of the Dungeon.
You visited 1 branch of the dungeon, and saw 1 of its levels.

You collected 28 gold pieces.


Innate Abilities, Weirdness & Mutations

You do not regenerate when monsters are visible.
You are frail without blood (-20% HP).
You can heal yourself when you bite living creatures.
You are immune to poison.
You have razor-sharp teeth.
You have supernaturally acute eyesight. (SInv)
You are afflicted with vampirism.


   Skills:
 + Level 1.1 Short Blades
 + Level 2.2 Dodging
 + Level 4.4 Stealth
 + Level 2.0 Spellcasting
 + Level 4.4 Hexes


You had 4 spell levels left.
You didn't know any spells.
Your spell library contained the following spells:

 Spells                   Type           Power      Damage    Failure   Level
 Confusing Touch          Hex            16%        N/A       10%         3
 Tukima's Dance           Hex            16%        N/A       10%         3
 Ensorcelled Hibernation  Hex/Ice        18%        N/A       12%         2
 Freeze                   Ice            4%         1d3       19%         1
 Dazzling Flash           Conj/Hex       18%        N/A       24%         3
 Frozen Ramparts          Ice            2%         1d2       50%         3
 Hailstorm                Conj/Ice       1%         3d3       88%         4

Inventory:

Hand Weapons
 a - a +1 dagger (weapon)
Armour
 b - a +0 robe (worn)
Jewellery
 d - an amulet of reflection (around neck)
Potions
 c - a potion of invisibility

Dungeon Overview and Level Annotations

Branches:
Dungeon (1/15)

Altars:

#.. ..g. #.▒▒▒...▒
#.▒G▒...▒G▒..
#.▒▒▒...▒▒▒..
#...........#
#.....⚑.....#
#.Kg........#
##@▒▒▒...▒▒▒.#
#.##..▒G▒...▒G▒.##
#.....▒▒▒...▒▒▒..#
####.............#####
#.#.#.#.###.#.....▓
#.#...............░
#.......###.###.#.▓
####..### #.# #.#.'
#..# #.# #.##▓


You could see a shining eye (asleep), a hobgoblin, a goblin and a kobold.


Message History

The helpless rat fails to defend itself.
You bite the rat, and draw its blood! You impale the rat!!
You kill the rat!
You hit the rat. You bite the rat.
You kill the rat!
No target in view!
A kobold comes into view.
It is wielding a +0 vampiric short sword.
Found a faded altar of an unknown god.
A kobold is nearby!
A goblin comes into view. It is wielding a +0 club.
You see here a book of Frost.
You pick up a book of Frost and begin reading...
You add the spells Freeze, Frozen Ramparts and Hailstorm to your library.
The kobold shouts!
The goblin shouts!
The kobold hits you with a +0 vampiric short sword.
Ouch! That really hurt!
* * * LOW HITPOINT WARNING * * *
You hear a shout!
You closely miss the kobold. You block the kobold's attack.
You hit the kobold but do no damage. You block the kobold's attack.
You hit the kobold.
The kobold is moderately wounded.
The kobold hits you with a +0 vampiric short sword.
* * * LOW HITPOINT WARNING * * *
A hobgoblin comes into view.
You completely miss the kobold.
The kobold is moderately wounded.
The kobold hits you with a +0 vampiric short sword.
Ouch! That really hurt!
You die...

Action                   || total
-------------------------++-------
Melee: Dagger            ||     6
       Bite              ||     1
 Abil: Exsanguinate      ||     1
 Stab: Sleeping          ||     1
Block: Other             ||     2

Levels and vault maps discovered:
D:1:      minmay_arrival_checkered_box, layout_loops_ring,
          hellmonk_ecumenical_altar_watching_god

Notes
Turn   | Place    | Note
-------+----------+-------------------------------------------
     0 | D:1      | infcreate the Vampire Enchanter began the quest for the
                  | Orb.
     0 | D:1      | Reached XP level 1. HP: 13/13 MP: 3/3
    24 | D:1      | Noticed an eye of devastation
    25 | D:1      | Noticed a great orb of eyes
    47 | D:1      | Found a faded altar of an unknown god.
    50 | D:1      | Noticed a golden eye
    55 | D:1      | Noticed a shining eye
    61 | D:1      | Slain by a kobold

Vanquished Creatures
  2 rats (D:1)
2 creatures vanquished.

Table legend: (Time is in decaauts)
 A = Elapsed time spent in this place.
 B = Non-inter-level travel time spent in this place.
 C = Inter-level travel time spent in this place.
 D = Time resting spent in this place.
 E = Time spent auto-exploring this place.
 F = Levels seen in this place.
 G = Mean time per level.
                   A        B        C        D        E       F      G
               +--------+--------+--------+--------+--------+-----+--------+
         Total |     60 |     60 |      0 |      0 |     25 |   1 |   60.0 |
       Dungeon |     60 |     60 |      0 |      0 |     25 |   1 |   60.0 |
               +--------+--------+--------+--------+--------+-----+--------+

Top non-repeatable levels by time:
     D:1: 60 daAuts

Table legend:
 A = Non-vault XP
 B = Vault XP
 C = Vault XP percentage of total XP
 D = Non-vault monster count
 E = Vault monster count
 F = Vault count percentage of total count
                 A         B        C        D         E       F
            +---------+---------+-------+---------+---------+-------
      Total |       2 |       0 |   0.0 |       2 |       0 |   0.0
            +---------+---------+-------+---------+---------+-------
        D:1 |       2 |       0 |   0.0 |       2 |       0 |   0.0
            +---------+---------+-------+---------+---------+-------
